AoeStats
← Shinrinyoku1

Arena

506558956Analyzed
4v4 RM · 19d ago on Sep 14, 2026· 45m 11s· 8 players
Game mode
Random Map
Map size
Large (8 player)
Population
200
Speed
Normal
Resources
Standard
Victory
Conquest
Starting age
Dark Age
Ending age
Imperial Age
RankedLock teamsTeams togetherTeam positionsShared explorationLock speedFull tech treeHidden civsTurbo modeCheats
Victory
Defeat
🇫🇮 Inca · Finland
1056
+13
🇨🇳 Portuguese · China
924
+18
🇲🇽 Teutons · Mexico
917
+18
🇺🇸 Vietnamese · United States
883
+20
🇲🇽 Japanese · Mexico
1010
-19
🇨🇦 Bulgarians · Canada
977
-17
🇺🇸 Japanese · United States
955
-17
🇺🇸 Britons · United States
947
-16
Shinrinyoku1
5:25 Loom
10:05 Feudal Age
11:29 Horse Collar
11:54 Double-Bit Axe
16:28 Wheelbarrow
19:42 Castle Age
19:49 Fletching
20:42 Bow Saw
21:55 Heavy Plow
24:35 Bodkin Arrow
24:45 Gold Mining
25:17 Padded Archer Armor
25:37 Thumb Ring
26:27 Bloodlines
26:18 Husbandry
27:21 Ballistics
34:06 Imperial Age
33:08 Hand Cart
32:43 Town Watch
33:01 Stone Mining
SirRichy2013
2:06 Loom
11:39 Feudal Age
16:20 Castle Age
14:51 Double-Bit Axe
15:29 Horse Collar
19:21 Gold Mining
24:58 Wheelbarrow
26:53 Heavy Plow
27:06 Bow Saw
26:50 Stone Mining
31:25 Imperial Age
29:11 Scale Mail Armor
29:34 Ballistics
29:28 Forging
29:29 Arson
30:38 Hand Cart
30:09 Town Watch
31:01 Iron Casting
30:41 Chain Mail Armor
31:05 Chain Mail Armor
30:56 Squires
32:13 Fletching
Swordfish
1:14 Loom
16:58 Feudal Age
18:26 Wheelbarrow
17:32 Horse Collar
17:39 Double-Bit Axe
21:57 Castle Age
21:44 Scale Mail Armor
21:59 Scale Barding Armor
22:04 Forging
21:58 Gold Mining
22:26 Bloodlines
24:18 Light Cavalry
25:02 Husbandry
25:16 Bow Saw
25:08 Heavy Plow
28:54 Hand Cart
30:49 Stone Mining
36:28 Imperial Age
33:47 Town Watch
35:37 Ballistics
36:02 Gold Shaft Mining
37:48 Murder Holes
38:03 Siege Engineers
39:00 Chemistry
39:51 Iron Casting
39:32 Chain Mail Armor
39:22 Onager
40:21 Pikeman
Xzylon
5:58 Loom
10:12 Feudal Age
11:40 Feudal Age
13:54 Horse Collar
14:07 Double-Bit Axe
14:16 Gold Mining
14:17 Stone Mining
17:10 Wheelbarrow
21:02 Castle Age
20:48 Town Watch
22:09 Hand Cart
22:47 Bow Saw
22:39 Heavy Plow
23:20 Gold Shaft Mining
22:10 Pikeman
22:51 Squires
23:25 Forging
23:15 Scale Mail Armor
24:26 Caravan
25:34 Gambesons
25:40 Gambesons
26:04 Elite Skirmisher
26:55 Padded Archer Armor
26:46 Fletching
30:33 Bodkin Arrow
30:54 Leather Archer Armor
31:16 Iron Casting
30:56 Chain Mail Armor
33:52 Yeomen
37:52 Man-at-Arms
41:37 Imperial Age
41:29 Ballistics
Joker
9:25 Loom
11:20 Feudal Age
12:11 Horse Collar
13:15 Wheelbarrow
18:36 Castle Age
16:39 Fletching
17:51 Double-Bit Axe
19:10 Crossbowman
23:56 Town Watch
26:42 Gold Mining
30:52 Imperial Age
29:41 Bow Saw
29:35 Stone Mining
30:49 Hand Cart
30:33 Bodkin Arrow
30:38 Padded Archer Armor
31:42 Stone Shaft Mining
31:20 Circumnavigation
32:33 Chemistry
32:07 Town Patrol
33:37 Thumb Ring
35:11 Two-Man Saw
34:33 Circumnavigation
34:54 Conscription
35:17 Ballistics
36:19 Siege Engineers
36:26 Murder Holes
37:59 Masonry
37:57 Thumb Ring
38:20 Bracer
38:31 Forging
37:57 Elite Organ Gun
40:05 Arquebus
41:37 Heavy Plow
41:55 Block Printing
41:50 Fervor
42:12 Architecture
41:05 Arbalester
41:18 Sappers
42:21 Treadmill Crane
42:32 Heated Shot
44:08 Crop Rotation
44:02 Bombard Tower
44:25 Iron Casting
43:56 Scale Barding Armor
44:06 Leather Archer Armor
43:51 Scale Mail Armor
44:06 Redemption
43:57 Atonement
44:18 Sanctity
44:51 Spies/Treason
bushwookie_710
8:06 Loom
10:18 Feudal Age
10:50 Double-Bit Axe
11:31 Gold Mining
15:11 Wheelbarrow
18:56 Castle Age
17:53 Horse Collar
20:13 Heavy Plow
21:27 Fletching
21:38 Padded Archer Armor
21:50 Scale Mail Armor
23:21 Bodkin Arrow
24:36 Bow Saw
24:54 Squires
25:39 Stone Mining
26:22 Ballistics
26:42 Stone Shaft Mining
27:23 Hand Cart
27:52 Leather Archer Armor
31:53 Imperial Age
30:24 Forging
33:25 Crop Rotation
34:11 Paper Money
37:09 Two-Man Saw
36:18 Bracer
37:30 Chemistry
44:08 Elite Rattan Archer
44:50 Chatras
44:12 Elite Rattan Archer
webitos9958
14:07 Feudal Age
14:52 Double-Bit Axe
14:48 Horse Collar
18:31 Castle Age
17:44 Stone Mining
17:45 Gold Mining
20:03 Bow Saw
23:29 Heavy Plow
26:17 Wheelbarrow
28:16 Hand Cart
27:47 Town Watch
27:48 Loom
29:57 Stone Shaft Mining
29:58 Forging
29:53 Scale Barding Armor
30:52 Town Patrol
31:17 Ballistics
31:07 Fortified Wall
31:08 Masonry
33:54 Imperial Age
31:52 Bloodlines
32:29 Chain Barding Armor
32:44 Iron Casting
33:00 Fletching
33:12 Scale Mail Armor
33:12 Padded Archer Armor
33:08 Guard Tower
33:21 Devotion
33:55 Cavalier
35:39 Blast Furnace
35:14 Plate Barding Armor
34:35 Bodkin Arrow
36:39 Chemistry
36:45 Two-Man Saw
36:16 Crop Rotation
35:38 Paladin
37:42 Chain Mail Armor
37:42 Leather Archer Armor
37:34 Siege Engineers
37:18 Arson
37:33 Squires
37:18 Gambesons
36:58 Man-at-Arms
37:04 Pikeman
41:03 Crenellations
41:04 Conscription
41:05 Ironclad
41:21 Hoardings
40:17 Sappers
42:48 Elite Teutonic Knight
43:39 Guilds
44:00 Coinage
43:30 Caravan
44:16 Plate Mail Armor
44:16 Ring Archer Armor
44:08 Bombard Tower
44:11 Sanctity
43:36 Halberdier
43:36 Long Swordsman
45:42 Banking
44:52 Spies/Treason
Rölli
2:33 Loom
9:11 Feudal Age
10:15 Horse Collar
10:35 Double-Bit Axe
13:27 Wheelbarrow
17:22 Castle Age
18:56 Bow Saw
20:41 Town Watch
23:11 Heavy Plow
24:50 Wheelbarrow
26:08 Fortified Wall
26:19 Ballistics
29:32 Imperial Age
29:48 Hand Cart
29:39 Scale Mail Armor
29:49 Forging
29:30 Fletching
29:40 Padded Archer Armor
32:34 Crop Rotation
31:55 Gold Mining
32:23 Thumb Ring
31:38 Elite Skirmisher
32:36 Fabric Shields
32:57 Bodkin Arrow
33:13 Andean Sling
33:48 Conscription
34:45 Gold Shaft Mining
34:00 Imperial Skirmisher
34:55 Bracer
35:11 Leather Archer Armor
36:51 Chain Mail Armor
37:12 Iron Casting
36:36 Elite Kamayuk
38:37 Ring Archer Armor
39:42 Chemistry
39:17 Plate Mail Armor
39:48 Blast Furnace
Connection lost

Rejoining the realm…

Still unreachable

The connection could not be restored.

Session expired

The server has moved on; the page needs a fresh start.